 Dungeon Crawl Stone Soup version 0.30.0 (webtiles) character file.

Game seed: 12745220997373741777

127437 LeafLetters the Sage (level 17, 0/133 HPs)
             Began as a Gnoll Venom Mage on Nov 19, 2023.
             Was a High Priest of Sif Muna.
             Shot with an arrow by a +0 shortbow (12 damage)
             ... on level 2 of the Elven Halls.
             The game lasted 02:04:14 (28618 turns).

LeafLetters the Sage (Gnoll Venom Mage)            Turns: 28618, Time: 02:04:23

Health: 0/133      AC: 11    Str:  8    XL:     17   Next: 1%
Magic:  9/33       EV: 24    Int: 25    God:    Sif Muna [*****.]
Gold:   1135       SH: 12    Dex: 17    Spells: 3/41 levels left

rFire   + + +        a - staff of fire "Bilev Jufou" {rF+ rC++}
rCold   + + +        O - +0 buckler {rC+}
rNeg    + . .        R - +0 robe "Nubrou" {Harm Slay+2 Archmagi}
rPois   .            A - +0 mask of the Dragon {Will+ Slay+3 SInv}
rElec   +            X - +2 cloak {rCorr}
rCorr   +            D - +0 pair of gloves
SInv    +            W - +2 pair of boots "Temmuanou" {Drain rElec Int+3 Stlth+}
Will    ++...        Y - amulet "Jeyd" {Reflect rF++ SH+5}
Stlth   ++++++       Z - ring of the Burgomaster {rCorr EV+5 Dex+4}
HPRegen 0.42/turn    z - ring of positive energy
MPRegen 0.23/turn

%: harm (+30% outgoing, +20% incoming), reflection, archmagi
@: studying 3 skills
A: fangs 1, strong nose, distributed training
a: Renounce Religion, Channel Magic, Forget Spell, Divine Exegesis


You were on level 2 of the Elven Halls.
You worshipped Sif Muna.
Sif Muna was extremely pleased with you.
You visited 5 branches of the dungeon, and saw 25 of its levels.
You also visited: Trove, Ossuary, Gauntlet and Ice Cave.

You collected 4584 gold pieces.
You spent 3449 gold pieces at shops.

Inventory:

Missiles
 d - 3 throwing nets (quivered)
Armour
 A - the +0 mask of the Dragon (worn) {Will+ Slay+3 SInv}
   (You bought it in a shop on level 2 of the Orcish Mines)

   Slay:      It affects your accuracy & damage with ranged weapons and melee
   (+3).
   SInv:      It lets you see invisible.
   Will:      It increases your willpower.
 D - a +0 pair of gloves (worn)
 I - a +2 kite shield of cold resistance
 N - the +0 leather armour of the Unseen Realm {rF+ rN+ Dex+3}
   (You found it on level 8 of the Dungeon)

   Dex:       It affects your dexterity (+3).
   rF:        It protects you from fire.
   rN:        It protects you from negative energy.
 O - a +0 buckler of cold resistance (worn)
 R - the +0 robe "Nubrou" (worn) {Harm Slay+2 Archmagi}
   (You found it on level 10 of the Dungeon)

   Slay:      It affects your accuracy & damage with ranged weapons and melee
   (+2).
   Harm:      It increases damage dealt and taken.
   Archmagi:  It increases the power of your magical spells.
 W - the +2 pair of boots "Temmuanou" (worn) {Drain rElec Int+3 Stlth+}
   (You found it in a treasure trove)

   Int:       It affects your intelligence (+3).
   rElec:     It insulates you from electricity.
   Drain:     It drains your maximum health when unequipped.
   Stlth:     It makes you more stealthy.
 X - a +2 cloak of preservation (worn)
Magical Staves
 a - the staff of fire "Bilev Jufou" (weapon) {rF+ rC++}
   (You found it on level 1 of the Orcish Mines)

   [staff of fire]

   Base accuracy: +5 Base damage: 5 Base attack delay: 1.2 This weapon's minimum
   attack delay (0.6) is reached at skill level 12.
   rF:        It protects you from fire.
   rC:        It greatly protects you from cold.
   It falls into the 'Staves' category.
   It is a one-handed weapon.
 b - a staff of air
 f - a staff of death
Jewellery
 c - a ring of see invisible
 n - the amulet "Koegusuq" {RegenMP Int+9 Slay+6}
   (You acquired it on level 11 of the Dungeon)

   [amulet of magic regeneration]

   It increases your rate of magic regeneration.
   Int:       It affects your intelligence (+9).
   Slay:      It affects your accuracy & damage with ranged weapons and melee
   (+6).
 z - a ring of positive energy (right hand)
 G - a ring of magical power
 H - a ring of protection from cold
 S - a ring of flight
 V - a +6 ring of intelligence
 Y - the amulet "Jeyd" (around neck) {Reflect rF++ SH+5}
   (You found it in a Gauntlet)

   [amulet of reflection]

   It reflects blocked missile attacks.
   rF:        It greatly protects you from fire.
   SH:        It affects your SH (+5).
 Z - the ring of the Burgomaster (left hand) {rCorr EV+5 Dex+4}
   (You found it in a Gauntlet)

   [ring of evasion]

   EV:        It affects your evasion (+5).
   Dex:       It affects your dexterity (+4).
   rCorr:     It protects you from acid and corrosion.
Wands
 e - a wand of digging (11)
 m - a wand of flame (52)
 B - a wand of quicksilver (27)
 F - a wand of mindburst (41)
 T - a wand of roots (9)
Scrolls
 h - 2 scrolls of enchant weapon
 i - 8 scrolls of magic mapping
 j - a scroll of brand weapon
 l - a scroll of torment
 q - 3 scrolls of vulnerability
 t - 4 scrolls of teleportation
 u - 2 scrolls of immolation
 v - 6 scrolls of enchant armour
 w - 6 scrolls of fear
 E - 2 scrolls of amnesia
 K - 2 scrolls of summoning
 L - a scroll of fog
 M - 2 scrolls of silence
 Q - 2 scrolls of identify
Potions
 g - 5 potions of mutation
 k - 15 potions of curing
 o - 3 potions of heal wounds
 p - 3 potions of magic
 r - 4 potions of attraction
 s - 3 potions of haste
 x - 3 potions of brilliance
 y - 2 potions of ambrosia
 C - 5 potions of flight
 U - 4 potions of might
Miscellaneous
 P - a phantom mirror


   Skills:
 + Level 11.7 Fighting
 + Level 11.7 Short Blades
 + Level 11.7 Long Blades
 + Level 11.7 Axes
 + Level 11.7 Maces & Flails
 + Level 11.7 Polearms
 + Level 11.7 Staves
 + Level 11.7 Ranged Weapons
 + Level 11.7 Throwing
 + Level 11.7 Armour
 + Level 12.5 Dodging
 + Level 12.4 Stealth
 + Level 11.7 Shields
 + Level 11.7 Unarmed Combat
 + Level 12.7 Spellcasting
 + Level 9.9 Conjurations
 + Level 9.9 Hexes
 + Level 9.9 Summonings
 + Level 12.1 Necromancy
 + Level 9.9 Translocations
 + Level 10.1 Transmutations
 + Level 9.9 Fire Magic
 + Level 9.9 Ice Magic
 + Level 9.9 Air Magic
 + Level 9.9 Earth Magic
 + Level 11.3 Poison Magic
 + Level 13.8 Invocations
 + Level 12.7 Evocations


You had 3 spell levels left.
You knew the following spells:

 Your Spells              Type           Power      Damage    Failure   Level
a - Iron Shot             Conj/Erth      39%        9d8       13%         6
b - Mephitic Cloud        Conj/Pois/Air  80%        N/A       1%          3
c - Olgreb's Toxic Radia  Pois           83%        N/A       1%          4
d - Summon Ice Beast      Ice/Summ       78%        N/A       1%          4
e - Arcjolt               Conj/Air       39%        1d49      2%          5
f - Ignite Poison         Fire/Tmut/Pois 100%       N/A       1%          3
g - Simulacrum            Ice/Necr       41%        N/A       9%          6
h - Storm Form            Tmut/Air       39%        N/A       56%         7

Your spell library contained the following spells:

 Spells                   Type           Power      Damage    Failure   Level
 Apportation              Tloc           100%       N/A       1%          1
 Beastly Appendage        Tmut           100%       N/A       1%          1
 Kiss of Death            Conj/Necr      100%       2d13      1%          1
 Magic Dart               Conj           100%       1d8       1%          1
 Necrotise                Necr           100%       1d9       1%          1
 Sandblast                Erth           100%       2d20      1%          1
 Slow                     Hex            100%       N/A       1%          1
 Sting                    Tmut/Pois      100%       1d8       1%          1
 Summon Small Mammal      Summ           100%       N/A       1%          1
 Passwall                 Tmut/Erth      65%        N/A       1%          2
 Poisonous Vapours        Pois/Air       100%       N/A       1%          2
 Scorch                   Fire           100%       2d9       1%          2
 Static Discharge         Conj/Air       100%       2-7/arc   1%          2
 Confusing Touch          Hex            78%        N/A       1%          3
 Dazzling Flash           Conj/Hex       100%       N/A       1%          3
 Frozen Ramparts          Ice            100%       1d16      1%          3
 Gell's Gravitas          Tloc           78%        N/A       1%          3
 Hailstorm                Conj/Ice       78%        3d16      1%          3
 Ozocubu's Armour         Ice            78%        N/A       1%          3
 Spider Form              Tmut/Pois      81%        N/A       1%          3
 Stone Arrow              Conj/Erth      100%       3d13      1%          3
 Teleport Other           Tloc           78%        N/A       1%          3
 Vhi's Electric Charge    Tloc/Air       100%       N/A       1%          3
 Airstrike                Air            39%        2d(6-22)  1%          4
 Dispel Undead            Necr           86%        3d28      1%          4
 Flame Wave               Conj/Fire      99%        2d21      1%          4
 Fulminant Prism          Conj/Hex       39%        3d17      1%          4
 Ice Form                 Ice/Tmut       78%        N/A       1%          4
 Leda's Liquefaction      Hex/Erth       39%        N/A       1%          4
 Sticky Flame             Conj/Fire      99%        2d11      1%          4
 Summon Lightning Spire   Summ/Air       78%        N/A       1%          4
 Freezing Cloud           Conj/Ice/Air   39%        6-21      2%          5
 Iskenderun's Battlesphe  Conj           78%        2d13      2%          5
 Yara's Violent Unravell  Hex/Tmut       39%        3d16      2%          5
 Conjure Ball Lightning   Conj/Air       39%        3x3d13    13%         6
 Dispersal                Tloc           39%        N/A       13%         6
 Plasma Beam              Fire/Air       49%        2x1d70    13%         6
 Summon Cactus Giant      Summ           39%        N/A       13%         6
 Monstrous Menagerie      Summ           39%        N/A       56%         7
 Ozocubu's Refrigeration  Ice            39%        4d16      56%         7
 Infestation              Necr           43%        N/A       92%         8
 Discord                  Hex            39%        N/A       99%         8
 Ignition                 Fire           49%        3d14      99%         8
 Lehudib's Crystal Spear  Conj/Erth      39%        10d10     99%         8
 Maxwell's Capacitive Co  Air            39%        ∞         99%         8
 Death's Door             Necr           43%        N/A       100%        9
 Fire Storm               Conj/Fire      49%        8d13      100%        9


Dungeon Overview and Level Annotations

Branches:
Dungeon (15/15)            Temple (1/1) D:6            Lair (5/5) D:9
 Shoals (0/4) Lair:2        Snake (0/4) Lair:2        Slime (0/5) Lair:4
    Orc (2/2) D:10            Elf (1/3) Orc:2        Vaults (0/5) D:13
 Depths (0/4) D:15        Ossuary (visited)           IceCv (visited)
Gauntlet (visited)

Altars:
Ashenzari
Cheibriados
Elyvilon
Fedhas
Hepliaklqana
Kikubaaqudgha
Makhleb
Qazlal
Ru
Sif Muna
Uskayaw
Vehumet
Wu Jian
Xom
The Shining One

Shops:
D:2 [   D:4 [   D:15 *   Orc:2 ?**=


Innate Abilities, Weirdness & Mutations

You have very sharp teeth.
Your uncanny sense of smell can sniff out nearby items.
Your experience applies equally to all skills.


Message History

The deep elf death mage is engulfed in blazing flames.
The deep elf death mage is engulfed in blazing flames.
There are monsters nearby!
The +0 shortbow shoots an arrow.
The arrow completely misses you.
The deep elf death mage is engulfed in blazing flames.
Casting: Olgreb's Toxic Radiance (mildly dangerous; 1% risk of failure)
Confirm with . or Enter, or press ? or * to list all spells.
Aiming: Mephitic Cloud (safe; 1% risk of failure)
Press: ? - help, Shift-Dir - straight line, f - deep elf death mage
Aim: a deep elf death mage, wielding a +0 short sword (flame, severely wounded, very poisoned, chance to affect: 29%)
You feel a surge of power!
The ball explodes into a vile cloud!
The stinking cloud engulfs the deep elf death mage but does no damage.
The deep elf death mage is severely wounded.
The +0 shortbow shoots an arrow.
The arrow completely misses you.
The fire elemental completely misses you.
The deep elf death mage is engulfed in blazing flames.
The +0 shortbow shoots an arrow.
The arrow hits you.
Unknown command.
Unknown command.
Unknown command.
Unknown command.
Casting: Mephitic Cloud (safe; 1% risk of failure)
Confirm with . or Enter, or press ? or * to list all spells.
You feel a strong surge of power!
You ignite the poison in your surroundings!
The deep elf death mage seems to burn from within!!!
You kill the deep elf death mage!
Sif Muna accepts your kill.
The fire elemental completely misses you.
The +0 shortbow shoots an arrow.
The arrow hits you!
The +0 arbalest shoots a bolt.
The bolt hits you!!
The fire elemental completely misses you.
Unknown command.
The +0 shortbow shoots an arrow.
You block the arrow with an invisible shield... and reflect it back!
The arrow barely misses the +0 shortbow.
The +0 arbalest shoots a bolt.
The bolt hits you!!
* * * LOW HITPOINT WARNING * * *
The +0 shortbow shoots an arrow.
The arrow hits you!
You die...

##...........#........... ....
#..)...............)..... ....
##....................... ..e.
##.....................# ....
##...#.............#...# ....
##...###...........###... ....
#...## ##.........## ##.. ....
##...###...........###... ....
##...#E@........)..#...# ....
##...○.................# ...##
##...○................... .....##
#..§°...........)........ ......#
#.○.§....................
......###..§☼....................
.......##((..............).......
....)..'.e#.....................#
....)..○.##.....................#


You could see a deep elf pyromancer, a fire elemental (summoned) and 2 dancing
weapons.

Vanquished Creatures
  A deep elf blademaster (Elf:2)
  Agnes (D:15)
  3 orc warlords
  A minotaur (Gauntlet)
  A deep elf death mage (Elf:2)
  An ettin (Orc:1)
  2 fire dragons
  5 hydras
  Harold (D:9)
  2 catoblepae
  7 two-headed ogres
  A death knight (D:13)
  2 boulder beetles
  5 centaur warriors
  18 death yaks
  13 dancing weapons (Elf:2)
  2 tengu warriors (D:14)
  3 orc high priests (Orc:2)
  7 deep elf knights (Elf:2)
  A skyshark (Lair:5)
  A phantasmal warrior (D:13)
  A deep elf archer (D:13)
  Pikel (D:5)
  6 deep elf zephyrmancers
  A wolf spider zombie (D:15)
  A wizard (D:15)
  2 necromancers
  3 orc knights (Orc:1)
  11 deep elf pyromancers
  3 orc sorcerers
  20 ugly things
  3 manticores
  4 oklob plants (Lair:4)
  4 cyclopes
  A guardian serpent (shapeshifter) (D:14)
  Joseph (D:9)
  8 black mambas
  3 molten gargoyles
  A centaur zombie (D:15)
  2 torpor snails
  3 centaur skeletons (D:13)
  11 cane toads
  An ice statue (IceCv)
  3 gargoyles
  2 minotaur zombies (Gauntlet)
  4 freezing wraiths
  3 rime drakes
  An efreet (D:13)
  4 yaktaurs (D:13)
  7 komodo dragons
  An anaconda simulacrum (IceCv)
  13 ice devils (IceCv)
  2 trolls (Orc:1)
  A wind drake (Lair:2)
  2 polar bears
  Prince Ribbit (D:5)
  4 dream sheep (Lair:4)
  A raiju (shapeshifter) (D:14)
  2 blink frogs (Lair:3)
  8 slime creatures
  A shadow (D:11)
  37 yaks
  A fire bat (Lair:2)
  5 wyverns
  A water elemental (Elf:2)
  2 wraiths
  Grum (D:10)
  4 basilisks (Lair:5)
  2 steam dragons (Lair:5)
  2 vampire mosquitoes (D:13)
  8 death yak simulacra (IceCv)
  A redback simulacrum (D:15)
  3 harpy simulacra (IceCv)
  Edmund (D:5)
  3 wargs
  3 acid dragons
  3 hydra simulacra (IceCv)
  A nameless horror (Ossuary)
  3 hell hounds (Lair:5)
  10 water moccasins
  40 orc warriors
  A sky beast (D:7)
  2 ice beasts
  A black bear (D:7)
  2 hornet zombies (Ossuary)
  3 centaurs
  10 ogres
  11 wolves
  4 lemures (D:5)
  2 phantoms
  12 bullfrogs
  2 kobold brigands
  3 two-headed ogre simulacra (IceCv)
  A gnoll sergeant (D:4)
  A wyvern zombie (Ossuary)
  2 scorpions
  4 cane toad simulacra
  A water moccasin zombie (Ossuary)
  9 wights
  3 elephant simulacra (IceCv)
  2 howler monkeys
  3 electric eels
  2 bullfrog zombies (Ossuary)
  2 lava snakes (Lair:5)
  Crazy Yiuf (D:3)
  32 orc priests
  3 hounds
  3 jellies
  Natasha (twice) (D:3)
  4 iguanas
  28 orc wizards
  5 hell rats (Lair:2)
  4 polar bear simulacra (IceCv)
  2 troll simulacra (IceCv)
  A boggart skeleton (D:13)
  2 wolf simulacra (IceCv)
  A killer bee zombie (Ossuary)
  4 mummies (Ossuary)
  10 adders
  6 gnolls (D:4)
  A shadow imp (D:6)
  3 white imps
  An ufetubus (D:5)
  4 worms
  2 dart slugs
  71 orcs
  8 endoplasms
  5 giant cockroaches
  5 goblins
  2 hobgoblins
  5 quokkas
  8 ball pythons
  7 bats
  5 frilled lizards
  16 kobolds
  6 rats
700 creatures vanquished.

Vanquished Creatures (collateral kills)
  Snorg (Lair:4)
  2 hydras
  An orc high priest (Orc:2)
  A skeletal warrior (D:13)
  A lindwurm (Lair:5)
  A deep elf pyromancer (D:13)
  2 cyclopes
  A molten gargoyle (Lair:5)
  4 cane toads
  3 rime drakes
  2 komodo dragons
  A blink frog (Lair:3)
  2 wyverns (Lair:5)
  2 fire bats (Lair:2)
  3 yaks
  A basilisk (Lair:1)
  An acid dragon (D:10)
  13 water moccasins
  2 black bears
  An ice beast (D:8)
  3 orc warriors
  A centaur (D:13)
  2 wights (D:10)
  A centaur zombie (Ossuary)
  A lava snake (Lair:5)
  A bullfrog zombie (Ossuary)
  A jelly (D:8)
  An orc priest (Orc:2)
  A sleepcap (D:7)
  8 mummies (Ossuary)
  2 orc wizards
  A hell rat (Lair:2)
  A howler monkey zombie (Ossuary)
  2 orcs
71 creatures vanquished.

Vanquished Creatures (others)
  A water elemental (Elf:2)
  An orc wizard (Orc:1)
  15 fungi
  43 plants
  8 withered plants (Ossuary)
68 creatures vanquished.

Grand Total: 839 creatures vanquished

Notes
Turn   | Place    | Note
-------+----------+-------------------------------------------
     0 | D:1      | LeafLetters the Gnoll Venom Mage began the quest for the
                  | Orb.
     0 | D:1      | Reached XP level 1. HP: 13/13 MP: 6/6
   183 | D:1      | Reached XP level 2. HP: 19/19 MP: 4/7
   956 | D:1      | Reached skill level 5 in Spellcasting
   956 | D:1      | Reached XP level 3. HP: 25/25 MP: 3/9
   960 | D:1      | Learned a level 3 spell: Mephitic Cloud
  1247 | D:2      | Reached skill level 1 in Invocations
  1303 | D:2      | Reached skill level 1 in Fighting
  1303 | D:2      | Reached skill level 1 in Short Blades
  1303 | D:2      | Reached skill level 1 in Long Blades
  1303 | D:2      | Reached skill level 1 in Axes
  1303 | D:2      | Reached skill level 1 in Maces & Flails
  1303 | D:2      | Reached skill level 1 in Polearms
  1303 | D:2      | Reached skill level 1 in Staves
  1303 | D:2      | Reached skill level 1 in Ranged Weapons
  1303 | D:2      | Reached skill level 1 in Throwing
  1303 | D:2      | Reached skill level 1 in Armour
  1303 | D:2      | Reached skill level 1 in Shields
  1303 | D:2      | Reached skill level 1 in Unarmed Combat
  1303 | D:2      | Reached skill level 1 in Evocations
  1393 | D:2      | Reached XP level 4. HP: 32/32 MP: 7/11
  1569 | D:2      | Found a faded altar of an unknown god.
  1590 | D:2      | Found Qamoipra's Armour Boutique.
  1821 | D:2      | Reached skill level 1 in Conjurations
  1821 | D:2      | Reached skill level 1 in Hexes
  1821 | D:2      | Reached skill level 1 in Summonings
  1821 | D:2      | Reached skill level 1 in Necromancy
  1821 | D:2      | Reached skill level 1 in Translocations
  1821 | D:2      | Reached skill level 1 in Fire Magic
  1821 | D:2      | Reached skill level 1 in Ice Magic
  1821 | D:2      | Reached skill level 1 in Air Magic
  1821 | D:2      | Reached skill level 1 in Earth Magic
  2274 | D:3      | Found a runed translucent door.
  2275 | D:3      | Noticed Crazy Yiuf
  2288 | D:3      | Killed Crazy Yiuf
  2289 | D:3      | Reached XP level 5. HP: 37/37 MP: 4/12
  2828 | D:3      | Noticed Natasha
  2832 | D:3      | Killed Natasha
  2912 | D:3      | Noticed Natasha
  2917 | D:3      | Killed Natasha
  3059 | D:4      | Learned a level 4 spell: Olgreb's Toxic Radiance
  3061 | D:4      | Noticed a phantom
  3062 | D:4      | Noticed an ogre
  3073 | D:4      | Reached skill level 2 in Invocations
  3074 | D:4      | Reached skill level 5 in Dodging
  3074 | D:4      | Reached XP level 6. HP: 32/44 MP: 9/14
  3095 | D:4      | Reached XP level 7. HP: 9/50 MP: 6/15
  3960 | D:4      | Found Xiskur's Armour Shop.
  3989 | D:4      | Reached skill level 5 in Stealth
  3995 | D:4      | Reached skill level 3 in Invocations
  4158 | D:5      | Entered Level 5 of the Dungeon
  4261 | D:5      | Reached XP level 8. HP: 44/58 MP: 13/16
  4371 | D:5      | Noticed Prince Ribbit
  4381 | D:5      | Killed Prince Ribbit
  4833 | D:5      | Noticed Pikel
  4853 | D:5      | Killed Pikel
  4854 | D:5      | Reached skill level 4 in Invocations
  4854 | D:5      | Reached XP level 9. HP: 34/65 MP: 8/18
  5080 | D:5      | Noticed Edmund
  5094 | D:5      | Killed Edmund
  5440 | D:6      | Learned a level 4 spell: Summon Ice Beast
  5484 | D:6      | Found a staircase to the Ecumenical Temple.
  5503 | Temple   | Entered the Ecumenical Temple
  5575 | Temple   | Became a worshipper of Sif Muna the Loreminder
  5709 | D:6      | Found a sand-covered staircase.
  5720 | Ossuary  | Entered an ossuary
  5929 | Ossuary  | Reached skill level 5 in Invocations
  6077 | Ossuary  | Reached * piety under Sif Muna
  7168 | D:7      | Reached skill level 5 in Fighting
  7168 | D:7      | Reached skill level 5 in Short Blades
  7168 | D:7      | Reached skill level 5 in Long Blades
  7168 | D:7      | Reached skill level 5 in Axes
  7168 | D:7      | Reached skill level 5 in Maces & Flails
  7168 | D:7      | Reached skill level 5 in Polearms
  7168 | D:7      | Reached skill level 5 in Staves
  7168 | D:7      | Reached skill level 5 in Ranged Weapons
  7168 | D:7      | Reached skill level 5 in Throwing
  7168 | D:7      | Reached skill level 5 in Armour
  7168 | D:7      | Reached skill level 5 in Shields
  7168 | D:7      | Reached skill level 5 in Unarmed Combat
  7168 | D:7      | Reached skill level 5 in Evocations
  7168 | D:7      | Reached XP level 10. HP: 66/70 MP: 20/20
  8299 | D:8      | Identified the +0 leather armour of the Unseen Realm {rF+
                  | rN+ Dex+3}
  8443 | D:9      | Noticed Harold
  8454 | D:9      | Killed Harold
  8455 | D:9      | Reached skill level 5 in Transmutations
  8455 | D:9      | Reached skill level 6 in Invocations
  8513 | D:9      | Found a staircase to the Lair.
  9244 | D:9      | Noticed Joseph
  9256 | D:9      | Killed Joseph
  9593 | D:9      | Learned a level 5 spell: Arcjolt
  9629 | D:10     | Entered Level 10 of the Dungeon
  9708 | D:10     | Identified the +0 robe "Nubrou" {Harm Slay+2 Archmagi}
  9780 | D:10     | Reached ** piety under Sif Muna
  9784 | D:10     | Reached skill level 5 in Conjurations
  9784 | D:10     | Reached skill level 5 in Hexes
  9784 | D:10     | Reached skill level 5 in Summonings
  9784 | D:10     | Reached skill level 5 in Necromancy
  9784 | D:10     | Reached skill level 5 in Translocations
  9784 | D:10     | Reached skill level 5 in Fire Magic
  9784 | D:10     | Reached skill level 5 in Ice Magic
  9784 | D:10     | Reached skill level 5 in Air Magic
  9784 | D:10     | Reached skill level 5 in Earth Magic
  9787 | D:10     | Found an ornate altar of the Wu Jian Council.
  9794 | D:10     | Reached XP level 11. HP: 80/81 MP: 19/22
 10020 | D:10     | Found a staircase to the Orcish Mines.
 10074 | D:10     | Noticed a two-headed ogre
 10084 | D:10     | Killed a two-headed ogre
 10356 | D:10     | Reached skill level 7 in Invocations
 10441 | D:10     | Learned a level 3 spell: Ignite Poison
 10608 | D:10     | Noticed Grum
 10631 | D:10     | Killed Grum
 10713 | Orc:1    | Entered Level 1 of the Orcish Mines
 10726 | Orc:1    | Noticed a cyclops
 10726 | Orc:1    | Noticed an ettin
 10730 | Orc:1    | Killed a cyclops
 10734 | Orc:1    | Reached *** piety under Sif Muna
 10734 | Orc:1    | Killed an ettin
 10952 | Orc:2    | Entered Level 2 of the Orcish Mines
 10952 | Orc:2    | Noticed an orc sorcerer
 10959 | Orc:2    | Killed an orc sorcerer
 11171 | Orc:2    | Noticed a two-headed ogre
 11185 | Orc:2    | Killed a two-headed ogre
 11420 | Orc:2    | Found a staircase to the Elven Halls.
 11677 | Orc:2    | Noticed an orc high priest
 11678 | Orc:2    | Noticed an orc high priest
 11687 | Orc:2    | Reached **** piety under Sif Muna
 11689 | Orc:2    | Killed an orc high priest
 11690 | Orc:2    | Reached XP level 12. HP: 55/91 MP: 7/24
 11808 | Orc:2    | Killed an orc high priest
 11835 | Orc:2    | Noticed an orc warlord
 12024 | Lair:1   | Entered Level 1 of the Lair of Beasts
 12032 | Lair:1   | Reached skill level 8 in Invocations
 12233 | Lair:1   | Found a frozen archway.
 12259 | IceCv    | Entered an ice cave
 13396 | IceCv    | Reached ***** piety under Sif Muna
 13543 | IceCv    | Found an ancient bone altar of Kikubaaqudgha.
 13742 | IceCv    | Reached XP level 13. HP: 98/98 MP: 26/26
 13922 | Lair:1   | Reached skill level 9 in Invocations
 14072 | Lair:1   | Identified the +1 chain mail of the Lachrymose God {rF+}
 14651 | Lair:2   | Found a staircase to the Shoals.
 14892 | Lair:2   | Received a gift from Sif Muna
 15054 | Lair:2   | Got Sif Muna's Parchment of the Figure and the Cwm {god
                  | gift}
 15374 | Lair:2   | Found a staircase to the Snake Pit.
 15482 | Lair:2   | Reached skill level 10 in Spellcasting
 16028 | Lair:3   | Reached skill level 10 in Dodging
 16491 | Lair:3   | Reached skill level 10 in Stealth
 17245 | Lair:4   | Reached XP level 14. HP: 94/108 MP: 25/28
 17327 | Lair:4   | Reached skill level 10 in Invocations
 17397 | Lair:4   | Noticed Snorg
 17407 | Lair:4   | Killed Snorg
 17711 | Lair:4   | Found a staircase to the Slime Pits.
 17958 | Lair:4   | Identified the +3 chain mail "Loixtyomn" {Rampage rN++
                  | Int+3}
 18391 | Lair:5   | Entered Level 5 of the Lair of Beasts
 18429 | Lair:5   | Received a gift from Sif Muna
 18431 | Lair:5   | Got Sif Muna's Grimoire of the Boggart and Execration {god
                  | gift}
 18671 | Lair:4   | Learned a level 6 spell: Iron Shot
 18808 | Lair:5   | Found an ancient bone altar of Kikubaaqudgha.
 19446 | Lair:5   | Reached skill level 10 in Poison Magic
 19915 | Lair:5   | Found a large runed translucent door.
 19915 | Lair:5   | Found a large runed translucent door.
 19959 | Lair:5   | Reached skill level 10 in Fighting
 19959 | Lair:5   | Reached skill level 10 in Short Blades
 19959 | Lair:5   | Reached skill level 10 in Long Blades
 19959 | Lair:5   | Reached skill level 10 in Axes
 19959 | Lair:5   | Reached skill level 10 in Maces & Flails
 19959 | Lair:5   | Reached skill level 10 in Polearms
 19959 | Lair:5   | Reached skill level 10 in Staves
 19959 | Lair:5   | Reached skill level 10 in Ranged Weapons
 19959 | Lair:5   | Reached skill level 10 in Throwing
 19959 | Lair:5   | Reached skill level 10 in Armour
 19959 | Lair:5   | Reached skill level 10 in Shields
 19959 | Lair:5   | Reached skill level 10 in Unarmed Combat
 19959 | Lair:5   | Reached skill level 10 in Evocations
 20467 | D:11     | Found a gate leading to a gauntlet.
 20472 | Gauntlet | Entered a Gauntlet
 20472 | Gauntlet | Found a transporter.
 20481 | Gauntlet | Found a transporter.
 20482 | Gauntlet | Found a transporter.
 20483 | Gauntlet | Found a transporter.
 20486 | Gauntlet | Found a transporter.
 20487 | Gauntlet | Found a transporter.
 20496 | Gauntlet | Found a transporter.
 20498 | Gauntlet | Found a transporter.
 20515 | Gauntlet | Found a transporter.
 20523 | Gauntlet | Found a transporter.
 20523 | Gauntlet | Found a transporter.
 20531 | Gauntlet | Found a transporter.
 20650 | Gauntlet | Reached XP level 15. HP: 104/115 MP: 29/30
 20652 | Gauntlet | Reached skill level 11 in Invocations
 20694 | Gauntlet | Identified the amulet "Jeyd" {Reflect rF++ SH+5}
 20715 | Gauntlet | Reached skill level 10 in Necromancy
 20735 | Gauntlet | Identified the ring of the Burgomaster {rCorr EV+5 Dex+4}
 20788 | Gauntlet | Learned a level 6 spell: Simulacrum
 20848 | Gauntlet | Identified the +0 robe "Xueth" {rN+}
 21328 | D:11     | Identified the +0 leather armour of Usiacka {*Slow rElec
                  | rPois}
 21351 | D:11     | Identified 2 scrolls of acquirement
 21353 | D:11     | Acquired 1168 gold pieces
 21355 | D:11     | Acquired the amulet "Koegusuq" {RegenMP Int+9 Slay+6}
 22213 | D:12     | Found a portal to a secret trove of treasure.
 22217 | D:12     | You paid a toll of 3 potions of resistance to enter a
                  | treasure trove
 22218 | Trove    | Entered a treasure trove
 22232 | Trove    | Identified the +2 pair of boots "Temmuanou" {Drain rElec
                  | Int+3 Stlth+}
 23111 | D:13     | Found a gate to the Vaults.
 23159 | D:13     | Found Kiygo's Vocational Training.
 23169 | D:13     | Bought a manual of Evocations for 1040 gold pieces
 23169 | D:13     | Bought a manual of Invocations for 1040 gold pieces
 24409 | D:14     | Reached skill level 12 in Invocations
 24634 | D:14     | Received a gift from Sif Muna
 24661 | D:14     | Got Wimu Kim's Notes on Despair and Kinetic Energy {god
                  | gift}
 24756 | D:15     | Entered Level 15 of the Dungeon
 24803 | D:15     | Reached XP level 16. HP: 116/124 MP: 24/32
 24900 | D:15     | Found a staircase to the Depths.
 25106 | D:15     | Noticed Agnes
 25110 | D:15     | Killed Agnes
 25114 | D:15     | Found Paish's Gadget Gallery.
 25430 | D:15     | Learned a level 7 spell: Storm Form
 26217 | Orc:2    | Found Ugozut's Magic Scroll Shoppe.
 26217 | Orc:2    | Found Badyggu's Assorted Antiques.
 26218 | Orc:2    | Found Ulop Reli's Jewellery Emporium.
 26222 | Orc:2    | Found Biah's Assorted Antiques.
 26230 | Orc:2    | Bought the +0 mask of the Dragon {Will+ Slay+3 SInv} for
                  | 1369 gold pieces
 26230 | Orc:2    | Found the +0 mask of the Dragon {Will+ Slay+3 SInv}
 26404 | Orc:1    | Received a gift from Sif Muna
 26413 | Orc:1    | Reached skill level 13 in Invocations
 26606 | Orc:1    | Got Sif Muna's Catalogue of Bewitchment and Injury {god
                  | gift}
 26706 | Orc:1    | Identified the +0 leather armour of the Frog {Harm}
 26871 | Orc:1    | Identified the +5 sling "Ruesh" {speed, Fragile rPois
                  | Int+3}
 26873 | Orc:1    | Identified the staff of fire "Bilev Jufou" {rF+ rC++}
 27031 | Elf:1    | Entered Level 1 of the Elven Halls
 27084 | Elf:1    | You fall into a shaft and drop 1 floor!
 27090 | Elf:2    | Noticed a deep elf blademaster
 27095 | Elf:2    | Killed a deep elf blademaster
 27233 | Elf:2    | Reached skill level 10 in Transmutations
 28465 | Elf:2    | Found a runed translucent gate.
 28466 | Elf:2    | Found a runed translucent gate.
 28470 | Elf:2    | Found a runed translucent gate.
 28604 | Elf:2    | Reached XP level 17. HP: 102/133 MP: 16/33
 28618 | Elf:2    | Shot with an arrow by a +0 shortbow

Illustrated notes

Levels and vault maps discovered:
D:1:      mrwooster_arrival_statue_3, layout_basic
D:2:      minmay_wonky_spiral, layout_rooms, serial_shops, shop,
          shapermc_ecumenical_altar_mp_vishouse
D:3:      layout_rooms, dreamdust_princess_bridge, grunt_ministairs_11,
          st_stairs_12, minmay_misc_feat_cross, uniq_natasha,
          uniq_crazy_yiuf_cottage
D:4:      layout_basic, serial_shops, nicolae_shop_tiny_glass
D:5:      layout_rooms, nicolae_fountain_basement, uniq_edmund, uniq_pikel,
          uniq_prince_ribbit1
D:6:      layout_rooms, minmay_temple_entry_proselytizer,
          nicolae_ossuary_entry_monument
D:7:      layout_loops_ring, st_stairs_13, minmay_crystal_room, minivault_5
D:8:      layout_rooms
D:9:      layout_basic, lair_entry_dummy, uniq_harold, uniq_joseph
D:10:     layout_loops_ring, mainiacjoe_overflow_brackets, david_orc_2,
          serial_rivers, chequers_serial_rivers_micro_c,
          chequers_serial_rivers_micro_a, chequers_serial_rivers_small_a,
          chequers_serial_rivers_micro_c, chequers_serial_rivers_small_b,
          uniq_grum
D:11:     layout_loops_ring, gauntlet_entry_generic
D:12:     layout_roguey, enter_trove_3
D:13:     layout_basic, hangedman_vaults_entry_quadrant_bands,
          nicolae_shop_vocational
D:14:     layout_basic, minivault_5, nrook_loot_triangle
D:15:     grunt_enter_depths_magical_seal, layout_loops_cross,
          nicolae_shop_gadgets, uniq_agnes
Temple:   compressed_dpeg_triangle_lava_temple
Lair:1:   layout_regular_city, portal_ice_cave_entry_ice_simulacra,
          serial_bayou_ford_a, grunt_megastairs_4, infiniplex_staircase_pool_2
Lair:2:   layout_loops_ring, minmay_shoals_entry_beasts,
          minmay_snake_entry_six_corridors, nicolae_volcano_entry_batcave,
          lemuel_fruit_fields, infiniplex_staircase_pool
Lair:3:   layout_big_grid, serial_bayou_shore_a, grunt_megastairs_5
Lair:4:   minmay_lair_oklob_tunnel, layout_cave_pods, slime_entry_1,
          grunt_megastairs_2, uniq_snorg
Lair:5:   cheibrodos_lair_end_hotspot, layout_big_grid, basic_altar
Orc:1:    layout_diamond_mine, abandoned_shop, minmay_orc_treasury
Orc:2:    st_orc_mages, layout_caves, lightli_orcish_oven
Elf:1:    eino_elf_arrival_shootout, layout_geoelf_octagon, serial_shops, shop,
          shop, shop, shop, nicolae_take_the_stairs,
          hangedman_elven_crosses_minicolossus, guppyfry_library_mini,
          uniq_kirke
Elf:2:    elven_hall_of_blades_hangedman_original [nicolae_blade_bullseye],
          layout_onion_city, lemuel_upstairs_altar

Skill      XL: |  1  2  3  4  5  6  7  8  9 10 11 12 13 14 15 16 |
---------------+-------------------------------------------------+-----
Transmutations | 2 3 4 5 6 7 8 9 10 | 10.1
Spellcasting   | 5 6 7 8 9 10 11 12 | 12.7
Invocations    | 1 2 3 4 5 6 7 8 9 10 12 13 | 13.8
Fighting       | 1 2 3 5 6 7 8 9 10 11 | 11.7
Short Blades   | 1 2 3 5 6 7 8 9 10 11 | 11.7
Long Blades    | 1 2 3 5 6 7 8 9 10 11 | 11.7
Axes           | 1 2 3 5 6 7 8 9 10 11 | 11.7
Maces & Flails | 1 2 3 5 6 7 8 9 10 11 | 11.7
Polearms       | 1 2 3 5 6 7 8 9 10 11 | 11.7
Staves         | 1 2 3 5 6 7 8 9 10 11 | 11.7
Ranged Weapons | 1 2 3 5 6 7 8 9 10 11 | 11.7
Throwing       | 1 2 3 5 6 7 8 9 10 11 | 11.7
Armour         | 1 2 3 5 6 7 8 9 10 11 | 11.7
Shields        | 1 2 3 5 6 7 8 9 10 11 | 11.7
Unarmed Combat | 1 2 3 5 6 7 8 9 10 11 | 11.7
Evocations     | 1 2 3 5 6 7 8 9 10 11 12 | 12.7
Conjurations   | 1 2 3 4 5 6 7 8 9 |  9.9
Hexes          | 1 2 3 4 5 6 7 8 9 |  9.9
Summonings     | 1 2 3 4 5 6 7 8 9 |  9.9
Necromancy     | 1 2 3 4 5 6 8 9 11 12 | 12.1
Translocations | 1 2 3 4 5 6 7 8 9 |  9.9
Fire Magic     | 1 2 3 4 5 6 7 8 9 |  9.9
Ice Magic      | 1 2 3 4 5 6 7 8 9 |  9.9
Air Magic      | 1 2 3 4 5 6 7 8 9 |  9.9
Earth Magic    | 1 2 3 4 5 6 7 8 9 |  9.9
Dodging        | 5 6 7 8 9 10 11 12 | 12.5
Stealth        | 5 6 7 8 9 10 11 12 | 12.4
Poison Magic   | 6 7 8 9 10 11 | 11.3

Action                     |  1- 3 |  4- 6 |  7- 9 | 10-12 | 13-15 | 16-18 || total
---------------------------+-------+-------+-------+-------+-------+-------++-------
  Melee: Unarmed           |     5 |       |       |       |    17 |    53 ||    75
         Dagger            |     3 |     3 |       |       |       |       ||     6
         Quarterstaff      |       |    17 |   202 |       |       |       ||   219
         Bite              |       |     3 |    34 |    27 |    56 |     9 ||   129
         Hand axe          |       |       |     2 |   190 |    99 |       ||   291
         Punch             |       |       |       |     9 |     2 |     3 ||    14
         Staff             |       |       |       |    21 |   266 |    71 ||   358
  Throw: Throwing net      |       |       |       |       |       |     5 ||     5
   Cast: Sting             |    63 |    79 |    81 |    24 |     5 |       ||   252
         Mephitic Cloud    |       |     1 |     3 |    58 |    81 |    17 ||   160
         Olgreb's Toxic Ra |       |     2 |    15 |    51 |    43 |    32 ||   143
         Summon Ice Beast  |       |       |    22 |    35 |    59 |     1 ||   117
         Ignite Poison     |       |       |       |    44 |    59 |    14 ||   117
         Arcjolt           |       |       |       |     4 |    23 |     3 ||    30
         Iron Shot         |       |       |       |       |    19 |    19 ||    38
         Storm Form        |       |       |       |       |     1 |     2 ||     3
 Invoke: Forget Spell      |       |       |       |       |     1 |       ||     1
         Divine Exegesis   |       |       |       |       |     1 |       ||     1
  Evoke: Wand              |       |       |     7 |    17 |       |     3 ||    27
    Use: Scroll            |       |       |    16 |       |    15 |     2 ||    33
         Potion            |       |       |     2 |       |     2 |       ||     4
   Stab: Confused          |       |     1 |     3 |     5 |     9 |     5 ||    23
         Paralysed         |       |       |     3 |       |       |       ||     3
         Distracted        |       |       |     2 |       |     4 |     1 ||     7
         Sleeping          |       |       |     1 |       |     5 |     2 ||     8
 Armour: Robe              |     8 |    17 |    71 |    39 |    93 |     9 ||   237
         Leather armour    |       |       |       |    20 |       |       ||    20
         Skin              |       |       |       |       |     3 |     6 ||     9
  Dodge: Dodged            |    16 |    32 |   143 |   138 |   220 |   112 ||   661
  Block: Buckler           |       |       |       |     3 |    91 |    38 ||   132
         Reflection        |       |       |       |       |       |    12 ||    12
         Other             |       |       |       |       |       |     7 ||     7
